 Dungeon Crawl Stone Soup version 0.30-a0-924-g0ad0bf95bc (webtiles) character file.

Game seed: 9863513487868734995

1442 cforsyth the Shield-Bearer (level 9, 0/69 HPs)
             Began as a Human Fighter on Mar 23, 2023.
             Slain by an ogre
             ... wielding a +0 giant club
              (20 damage)
             ... on level 6 of the Dungeon.
             The game lasted 00:09:33 (6859 turns).

cforsyth the Shield-Bearer (Human Fighter)          Turns: 6859, Time: 00:09:33

Health: 0/69       AC: 10    Str: 21    XL:     9   Next: 4%
Magic:  0/9        EV:  9    Int:  8    God:
Gold:   409        SH:  5    Dex: 13    Spells: 8/8 levels left

rFire   + . .      SeeInvis .    a - +0 flail
rCold   . . .      Faith    .    c - +0 buckler
rNeg    . . .      Spirit   +    y - +3 scale mail
rPois   .          Reflect  .    (no helmet)
rElec   .          Rampage  .    (no cloak)
rCorr   .                        (no gloves)
Will    +....                    (no boots) Stlth
                                 s - amulet of guardian spirit
HPRegen 0.31/turn                n - ring of protection from fire
MPRegen 0.11/turn                r - ring of willpower

@: no status effects
A: no striking features
a: no special abilities


You were on level 6 of the Dungeon.
You visited 1 branch of the dungeon, and saw 6 of its levels.
You also visited: Sewer.

You collected 409 gold pieces.

Inventory:

Hand Weapons
 a - a +0 flail (weapon)
Missiles
 h - 2 throwing nets (quivered)
Armour
 b - a +0 scale mail
 c - a +0 buckler (worn)
 y - a +3 scale mail (worn)
 B - a +0 plate armour
Jewellery
 e - a ring of wizardry
 n - a ring of protection from fire (left hand)
 r - a ring of willpower (right hand)
 s - an amulet of guardian spirit (around neck)
Wands
 x - a wand of mindburst (14)
 C - a wand of flame (20)
Scrolls
 f - a scroll of summoning
 g - 3 scrolls of fog {unknown}
 i - 2 scrolls of amnesia {unknown}
 k - a scroll of blinking {unknown}
 l - 5 scrolls of teleportation
 o - a scroll of enchant armour {unknown}
 q - a scroll of immolation
 u - 6 scrolls of identify
 v - a scroll of acquirement {unknown}
 w - a scroll of noise {unknown}
Potions
 d - 4 potions of might
 j - 3 potions of heal wounds
 m - 2 potions of flight
 p - a potion of berserk rage
 t - 3 potions of curing {unknown}
 z - 2 potions of attraction {unknown}
 A - a potion of degeneration {unknown}


   Skills:
 + Level 6.0 Fighting
 + Level 5.5 Maces & Flails
 + Level 6.0 Armour
 + Level 6.0 Shields


You had 8 spell levels left.
You didn't know any spells.
Your spell library contained the following spells:

 Spells                   Type           Power      Damage    Failure   Level
 Blink                    Tloc           0%         N/A       91%         2
 Lesser Beckoning         Tloc           0%         N/A       91%         2
 Momentum Strike          Conj/Tloc      0%         3d8       91%         2
 Animate Armour           Summ/Erth      0%         N/A       100%        4
 Blade Hands              Tmut           0%         N/A       100%        5
 Iron Shot                Conj/Erth      0%         9d1       100%        6


Dungeon Overview and Level Annotations

Branches:
Dungeon (6/15)              Sewer (visited)
 Temple: D:4-7

Altars:
Zin

Shops:
D:4 !


Message History

No target in view!
No target in view!
t - 3 inky potions (gained 1)
You open the door.
There is an open door here.
You open the door.
There is an open door here.
An ogre comes into view. It is wielding a +0 giant club.
The ogre shouts!
The ogre moves out of view.
An ogre is nearby!
An ogre is nearby!
An ogre is nearby!
You thump the ogre!
The ogre is heavily wounded.
The ogre hits you with a +0 giant club!!
You hit the ogre.
The ogre is severely wounded.
The ogre hits you with a +0 giant club!
You barely miss the ogre.
The ogre is severely wounded.
You barely miss the ogre.
The ogre is severely wounded.
The ogre hits you with a +0 giant club.
You hit the ogre.
The ogre is almost dead.
The ogre hits you with a +0 giant club!!
* * * LOW HITPOINT WARNING * * *
You are too injured to fight recklessly!
You are too injured to fight recklessly!
You are too injured to fight recklessly!
You are too injured to fight recklessly!
You are too injured to fight recklessly!
You are too injured to fight recklessly!
You are too injured to fight recklessly!
You are too injured to fight recklessly!
You hit the ogre.
The ogre is almost dead.
The ogre hits you with a +0 giant club!!
You die...

###### ##....## ####### #......#
....... #......# ....... #......#
....... #......# #....O##
#......# #####+#@# #......#
#.......#########...####
#......##.....####'#....
#..............#........
#########......#........
###+######......##......'........
................##......##.......
................##########.......
....<...........'.......##+#####.


You could see an ogre.

Vanquished Creatures
  Grinder (D:5)
  Pargi (Sewer)
  An ice beast (D:5)
  3 ogres
  5 orc priests
  A jelly (D:3)
  3 hounds
  2 iguanas
  A sleepcap (D:4)
  5 orc wizards
  11 gnolls
  3 river rats (D:3)
  10 adders
  A shadow imp (D:6)
  An ufetubus (D:5)
  4 worms
  A dart slug (D:3)
  11 orcs
  11 ball pythons
  7 endoplasms
  2 giant cockroaches (D:1)
  3 goblins
  10 hobgoblins
  6 jackals
  5 kobolds
  3 quokkas
  3 bats
  2 frilled lizards
  8 rats
125 creatures vanquished.

Vanquished Creatures (others)
  11 withered plants (D:3)
11 creatures vanquished.

Grand Total: 136 creatures vanquished

Notes
Turn   | Place    | Note
-------+----------+-------------------------------------------
     0 | D:1      | cforsyth the Human Fighter began the quest for the Orb.
     0 | D:1      | Reached XP level 1. HP: 18/18 MP: 1/1
   110 | D:1      | Reached XP level 2. HP: 14/24 MP: 2/2
   220 | D:1      | Reached XP level 3. HP: 28/29 MP: 3/3
  1120 | D:2      | Reached XP level 4. HP: 30/35 MP: 4/4
  1444 | D:2      | Reached XP level 5. HP: 37/42 MP: 5/5
  1647 | D:3      | HP: 2/42 [orc wizard/magic dart (8)]
  1894 | D:3      | Reached XP level 6. HP: 46/48 MP: 6/6
  1906 | D:3      | Found a glowing drain.
  1910 | Sewer    | Entered a sewer
  1988 | Sewer    | Noticed Pargi
  2009 | Sewer    | Killed Pargi
  3014 | D:3      | Found a faded altar of an unknown god.
  3119 | D:3      | Reached XP level 7. HP: 55/55 MP: 7/7
  4479 | D:4      | Reached skill level 5 in Fighting
  4479 | D:4      | Reached skill level 5 in Armour
  4479 | D:4      | Reached skill level 5 in Shields
  4675 | D:3      | Reached XP level 8. HP: 52/62 MP: 4/8
  5011 | D:4      | Found Rusaf's Distillery.
  5053 | D:4      | Found a glowing silver altar of Zin.
  5530 | D:5      | Entered Level 5 of the Dungeon
  5975 | D:5      | Identified the +0 ring mail "Geplihem" {Will- Slay+3 SInv}
  6125 | D:5      | Reached skill level 5 in Maces & Flails
  6317 | D:5      | Noticed Grinder
  6320 | D:5      | Paralysed by Grinder for 2 turns
  6422 | D:5      | Paralysed by Grinder for 4 turns
  6429 | D:5      | Killed Grinder
  6598 | D:5      | Reached XP level 9. HP: 65/69 MP: 9/9
  6859 | D:6      | Slain by an ogre

Illustrated notes

Levels and vault maps discovered:
D:1:      dpeg_arrival_rhombus, layout_basic, hangedman_decor_slide_cut
D:2:      minmay_general_purpose_star, layout_rooms
D:3:      layout_basic, lightli_sewer_entry_pipes,
          ebering_ecumenical_altar_petrified
D:4:      layout_gridville, zin_statuary, serial_shops,
          nicolae_shop_hallway_stairs
D:5:      layout_loops_ring, grunt_ministairs_8, uniq_grinder
D:6:      layout_gridville, gammafunk_temple_overflow_elements

Skill      XL: |  1  2  3  4  5  6  7  8 |
---------------+-------------------------+-----
Maces & Flails | 3 4 5 |  5.5
Fighting       | 4 5 6 |  6.0
Armour         | 4 5 6 |  6.0
Shields        | 4 5 6 |  6.0

Action                     |  1- 3 |  4- 6 |  7- 9 || total
---------------------------+-------+-------+-------++-------
  Melee: Flail             |   104 |   209 |   303 ||   616
    Use: Scroll            |       |     6 |     2 ||     8
         Potion            |       |     1 |       ||     1
 Armour: Scale mail        |    49 |   125 |   114 ||   288
  Dodge: Dodged            |    43 |   125 |   108 ||   276
  Block: Buckler           |    23 |    58 |    62 ||   143

Table legend: (Time is in decaauts)
 A = Elapsed time spent in this place.
 B = Non-inter-level travel time spent in this place.
 C = Inter-level travel time spent in this place.
 D = Time resting spent in this place.
 E = Time spent auto-exploring this place.
 F = Levels seen in this place.
 G = Mean time per level.
                   A        B        C        D        E       F      G
               +--------+--------+--------+--------+--------+-----+--------+
         Total |   7065 |   6900 |    165 |   1094 |   4293 |   7 | 1009.3 |
       Dungeon |   6717 |   6552 |    165 |    916 |   4187 |   6 | 1119.5 |
         Sewer |    347 |    347 |      0 |    178 |    105 |   1 |  347.0 |
               +--------+--------+--------+--------+--------+-----+--------+

Top non-repeatable levels by time:
     D:3: 2224 daAuts
     D:4: 1299 daAuts
     D:5: 1173 daAuts
     D:1: 944 daAuts
     D:2: 890 daAuts
   Sewer: 347 daAuts
     D:6: 185 daAuts
